 Dungeon Crawl Stone Soup version 0.25-a0-458-g6fc7858b95 (webtiles) character file.

Game seed: 7671797311992966979, levelgen mode: deterministic

242 Helreginn the Chopper (level 5, -9/53 HPs)
             Began as a Deep Dwarf Fighter on Feb 3, 2020.
             Killed by divine providence
             ... invoked by an orc priest
              (13 damage)
             ... on level 4 of the Dungeon.
             The game lasted 00:25:55 (2879 turns).

Helreginn the Chopper (Deep Dwarf Fighter)          Turns: 2879, Time: 00:25:55

Health: -9/53      AC: 10    Str: 25      XL:     5   Next: 81%
Magic:  5/5        EV:  6    Int:  6 (8)  God:
Gold:   232        SH:  9    Dex: 10 (12) Spells: 4/4 levels left

rFire    . . .     SeeInvis .   a - +0 war axe
rCold    . . .     Gourm    .   c - +0 shield
rNeg     . . .     Faith    .   q - +0 chain mail
rPois    .         Spirit   .   (no helmet)
rElec    .         Reflect  .   (no cloak)
rCorr    .         Harm     .   k - +0 pair of gloves
MR       .....                  (no boots)
Stlth    ..........             (no amulet)
HPRegen  0.00/turn              t - ring of flight
MPRegen  0.09/turn              h - ring of stealth

@: non-regenerating
A: damage resistance, heal wounds, sense surroundings 1, robust 1, strong 2, no
regeneration
a: Heal Wounds, Evoke Flight


You were on level 4 of the Dungeon.
You were not hungry.

You visited 1 branch of the dungeon, and saw 4 of its levels.

You collected 232 gold pieces.

Inventory:

Hand Weapons
 a - a +0 war axe (weapon)
 b - a +0 hunting sling
 o - a +1 dagger of speed
 u - a +2 halberd of protection
Missiles
 d - 19 poisoned darts
 j - 35 arrows
 l - 157 stones (quivered)
Armour
 c - a +0 shield (worn)
 k - a +0 pair of gloves (worn)
 q - a +0 chain mail (worn)
Jewellery
 h - a ring of stealth (right hand)
 t - a ring of flight (left hand)
 x - an uncursed ring of magical power
 A - an uncursed amulet of faith
Wands
 s - a wand of flame (15)
 w - a wand of clouds (1)
Scrolls
 e - a scroll of identify
 g - a scroll of enchant weapon {unknown}
 m - a scroll of magic mapping {unknown}
 n - a scroll of teleportation {unknown}
 r - a scroll of blinking {unknown}
 v - a scroll of fear {unknown}
 y - a scroll of amnesia {unknown}
Potions
 i - a potion of lignification
Comestibles
 f - 5 rations


   Skills:
 + Level 3.6 Fighting
 * Level 5.1 Axes
 + Level 4.6 Armour
 - Level 3.2 Shields


You had 4 spell levels left.
You didn't know any spells.
Your spell library was empty.

Dungeon Overview and Level Annotations

Branches:
Dungeon (4/15)
 Temple: D:4-7

Altars:
Cheibriados
Hepliaklqana
Zin


Innate Abilities, Weirdness & Mutations

You are resistant to damage.
You can heal yourself by infusing magical energy.
You passively map a small area around you.
You do not regenerate.
You are robust. (+10% HP)
Your muscles are very strong. (Str +4)


Message History

* * * LOW HITPOINT WARNING * * *
You hit the orc priest.
The orc priest is heavily wounded.
You block the orc priest's attack.
An orc comes into view. It is wielding a +0 hand axe.
You block the orc priest's attack.
The orc moves out of view.
Your shield and chain mail prevent you from hitting the orc priest.
The orc priest is heavily wounded.
The orc priest miscasts a cantrip.
You slash the orc priest!
The orc priest is almost dead.
The orc priest barely misses you.
You closely miss the orc priest.
The orc priest is almost dead.
The orc priest barely misses you.
You closely miss the orc priest.
The orc priest is almost dead.
The orc priest calls down the wrath of Beogh upon you.
Beogh smites you!
You die... ,, * ** #### * , , , oo.

, * #S#
####o# *
* #..@.#
##.####*
* * * *
##..# ,
#..## ,
#. #.## ,
* #.##
##.# , ,
...#
##..# ,,
* #..#
#..## **
*
#..###.##
*


You could see an orc priest, an adder and an orc (wandering).

Vanquished Creatures
  A bullfrog (D:3)
  4 gnolls (D:2)
  3 adders (D:2)
  An ooze (D:3)
  3 dart slugs
  2 leopard geckos
  8 orcs
  7 bats
  5 giant cockroaches
  13 goblins
  7 hobgoblins
  10 jackals
  A quokka (D:3)
  4 ball pythons
  8 frilled lizards
  12 kobolds
  4 rats
93 creatures vanquished.

Notes
Turn   | Place    | Note
-------+----------+-------------------------------------------
     0 | D:1      | Helreginn the Deep Dwarf Fighter began the quest for the
                  | Orb.
     0 | D:1      | Reached XP level 1. HP: 20/20 MP: 1/1
   106 | D:1      | Reached XP level 2. HP: 18/27 MP: 2/2
   356 | D:1      | Reached skill level 3 in Axes
   646 | D:1      | Reached XP level 3. HP: 23/33 MP: 3/3
  1237 | D:2      | Reached XP level 4. HP: 20/42 MP: 4/4
  1243 | D:2      | Reached skill level 4 in Axes
  1360 | D:2      | Found a snail-covered altar of Cheibriados.
  1473 | D:2      | Found a hazy altar of Hepliaklqana.
  1473 | D:2      | Found a glowing silver altar of Zin.
  1923 | D:3      | Gained mutation: Your magical capacity is low. (-10% MP)
                  | [potion of mutation]
  1923 | D:3      | Gained mutation: You have large cloven feet. [potion of
                  | mutation]
  1924 | D:3      | Lost mutation: You have large cloven feet. [potion of
                  | mutation]
  1924 | D:3      | Lost mutation: Your magical capacity is low. (-10% MP)
                  | [potion of mutation]
  1924 | D:3      | Gained mutation: Your muscles are strong. (Str +2) [potion
                  | of mutation]
  1924 | D:3      | Gained mutation: You are robust. (+10% HP) [potion of
                  | mutation]
  1924 | D:3      | Gained mutation: Your muscles are very strong. (Str +4)
                  | [potion of mutation]
  1995 | D:3      | Noticed a bullfrog
  2007 | D:3      | Killed a bullfrog
  2007 | D:3      | Reached XP level 5. HP: 21/53 MP: 5/5
  2298 | D:3      | Reached skill level 5 in Axes
  2879 | D:4      | Killed from afar by an orc priest

Levels and vault maps discovered:
D:1:      minmay_arrival_stair_chambers, layout_basic, feat_on_display
D:2:      layout_loops_ring, gammafunk_temple_overflow_elements, first_ration,
          kennysheep_slug_shrine
D:3:      layout_loops_cross, serial_park_tiny_pond
D:4:      layout_rooms, grunt_temple_overflow_growth_and_decay

Skill      XL: |  1  2  3  4  5 |
---------------+----------------+-----
Axes           | 3 4 5 |  5.1
Fighting       | 3 |  3.6
Armour         | 4 |  4.6
Shields        | |  3.2

Action                   |  1- 3 |  4- 6 || total
-------------------------+-------+-------++-------
Melee: War axe           |   155 |   152 ||   307
 Fire: Hunting sling     |    13 |    24 ||    37
 Abil: Heal Wounds       |     1 |       ||     1
  Use: Scroll            |     2 |     2 ||     4
       Potion            |       |     8 ||     8
  Eat: Chunk             |     1 |     6 ||     7
Armor: Scale mail        |    19 |       ||    19
       Chain mail        |    53 |    61 ||   114
Dodge: Dodged            |    35 |    29 ||    64
Block: Shield            |    66 |    76 ||   142

Table legend:
 A = Non-vault XP
 B = Vault XP
 C = Vault XP percentage of total XP
 D = Non-vault monster count
 E = Vault monster count
 F = Vault count percentage of total count
                 A         B        C        D         E       F
            +---------+---------+-------+---------+---------+-------
      Total |     342 |       4 |   1.2 |      92 |       1 |   1.1
            +---------+---------+-------+---------+---------+-------
        D:1 |      45 |       0 |   0.0 |      28 |       0 |   0.0
        D:2 |     131 |       4 |   3.0 |      27 |       1 |   3.6
        D:3 |     163 |       0 |   0.0 |      36 |       0 |   0.0
        D:4 |       3 |       0 |   0.0 |       1 |       0 |   0.0
            +---------+---------+-------+---------+---------+-------
